 Dungeon Crawl Stone Soup version 0.30-a0-354-g6b83867211 (webtiles) character file.

Game seed: 17424022244838668972

74 koil the Sneak (level 4, 0/21 HPs)
             Began as a Spriggan Enchanter on Nov 8, 2022.
             Slain by a gnoll
             ... wielding a +0 club
              (6 damage)
             ... on level 2 of the Dungeon.
             The game lasted 00:05:05 (1416 turns).

koil the Sneak (Spriggan Enchanter)                 Turns: 1416, Time: 00:05:05

Health: 0/21       AC:  2    Str:  4    XL:     4   Next: 9%
Magic:  9/9        EV: 17    Int: 18    God:
Gold:   153        SH:  0    Dex: 15    Spells: 4/9 levels left

rFire   . . .      SeeInvis +    a - +1 dagger
rCold   . . .      Faith    .    (no shield)
rNeg    . . .      Spirit   .    n - +0 robe
rPois   .          Reflect  .    (helmet restricted)
rElec   .          Harm     .    (no cloak)
rCorr   .          Rampage  .    (gloves unavailable)
Will    .....                    (boots unavailable)
Stlth   +++.......               (no amulet)
HPRegen 0.23/turn                (no ring)
MPRegen 0.11/turn                (no ring)

@: very quick
A: very small, no large weapons, unfitting armour, see invisible, speed 3
a: no special abilities


You were on level 2 of the Dungeon.
You visited 1 branch of the dungeon, and saw 2 of its levels.

You collected 153 gold pieces.

Inventory:

Hand Weapons
 a - a +1 dagger (weapon)
 j - a +0 dagger
Missiles
 m - 13 stones (quivered)
Armour
 b - a +0 robe
 k - a +0 robe
 n - a +0 robe (worn)
Magical Staves
 f - a staff of air
Jewellery
 e - a ring of protection from cold
Scrolls
 d - a scroll of enchant armour {unknown}
 h - a scroll of magic mapping {unknown}
 l - a scroll of brand weapon {unknown}
Potions
 c - 2 potions of invisibility
 g - a potion of curing {unknown}
 i - a potion of mutation {unknown}


   Skills:
 + Level 0.8 Fighting
 + Level 1.6 Short Blades
 + Level 3.3 Dodging
 + Level 4.8 Stealth
 + Level 3.1 Spellcasting
 + Level 0.7 Conjurations
 + Level 4.0 Hexes
 + Level 1.5 Transmutations


You had 4 spell levels left.
You knew the following spells:

 Your Spells              Type           Power      Damage    Failure   Level
a - Ensorcelled Hibernat  Hex/Ice        20%        N/A       11%         2
b - Confusing Touch       Hex            17%        N/A       9%          3

Your spell library contained the following spells:

 Spells                   Type           Power      Damage    Failure   Level
 Tukima's Dance           Hex            17%        N/A       9%          3
 Dazzling Flash           Conj/Hex       22%        N/A       19%         3


Dungeon Overview and Level Annotations

Branches:
Dungeon (2/15)

Altars:


Innate Abilities, Weirdness & Mutations

You are very small and have problems with some larger weapons.
You are too small for most types of armour.
You have supernaturally acute eyesight. (SInv)
You cover ground extremely quickly. (Speed+++)


Message History

Unknown command.
Unknown command.
Unknown command.
A rat is nearby!
A gnoll comes into view. It is wielding a +0 club. x2
A gnoll comes into view. It is wielding a +0 spear.
The gnoll moves out of view.
The gnoll shouts!
You hear a shout!
The gnoll shouts! x2
The gnoll misses you. The gnoll completely misses you.
You hit the gnoll but do no damage. The gnoll completely misses you.
You closely miss the gnoll. The gnoll barely misses you.
You closely miss the gnoll. You hit the gnoll.
The gnoll is lightly wounded.
The gnoll misses you.
You hit the gnoll.
The gnoll is moderately wounded.
The gnoll closely misses you.
You barely miss the gnoll.
The gnoll is moderately wounded.
The gnoll hits you with a +0 club.
The rat twitches its whiskers.
You hit the gnoll.
The gnoll is heavily wounded.
The gnoll misses you.
You hit the gnoll.
The gnoll is heavily wounded.
The gnoll hits you with a +0 club!
You hit the gnoll.
The gnoll is severely wounded.
The gnoll closely misses you.
You barely miss the gnoll.
The gnoll is severely wounded.
The gnoll hits you with a +0 club.
* * * LOW HITPOINT WARNING * * *
You hit the gnoll.
The gnoll is severely wounded.
The gnoll hits you with a +0 club.
You die...

#.....#
.........
'.....#
.........
##.....#
#######'#
......# #.#
#gg.# #.# #r#
#.. #g# ###
#g# #@# #.#
#.# #########
#.# #.......#
#.# #.#####.#
#.# #.# #.## #
#.# #.# #...
#. #.# #.#
####
#..#.#######.#


You could see 4 gnolls and a rat.

Vanquished Creatures
  Jessica (D:2)
  A gnoll (D:1)
  An adder (D:2)
  A dart slug (D:1)
  3 ball pythons
  3 endoplasms (D:1)
  2 goblins
  3 hobgoblins (D:1)
  2 jackals (D:1)
  3 bats
  3 frilled lizards (D:1)
  4 rats
27 creatures vanquished.

Notes
Turn   | Place    | Note
-------+----------+-------------------------------------------
     0 | D:1      | koil the Spriggan Enchanter began the quest for the Orb.
     0 | D:1      | Reached XP level 1. HP: 9/9 MP: 5/5
    70 | D:1      | Found a faded altar of an unknown god.
   126 | D:1      | Reached XP level 2. HP: 10/13 MP: 6/6
   129 | D:1      | Learned a level 2 spell: Ensorcelled Hibernation
   265 | D:1      | HP: 2/14 [hobgoblin (5)]
   324 | D:1      | Reached skill level 1 in Transmutations
   746 | D:1      | Reached XP level 3. HP: 17/17 MP: 6/8
   750 | D:1      | Learned a level 3 spell: Confusing Touch
  1148 | D:2      | Noticed Jessica
  1156 | D:2      | Killed Jessica
  1219 | D:2      | Reached XP level 4. HP: 21/21 MP: 9/9
  1416 | D:2      | Slain by a gnoll

Illustrated notes

Levels and vault maps discovered:
D:1:      minmay_arrival_semitransparent, layout_basic,
          hellmonk_ecumenical_altar_lost_god
D:2:      layout_basic, basic_altar, uniq_jessica

Skill      XL: |  1  2  3 |
---------------+----------+-----
Dodging        | 3 |  3.3
Transmutations | 1 |  1.5
Spellcasting   | 3 |  3.1
Hexes          | 4 |  4.0
Fighting       | |  0.8
Short Blades   | |  1.6
Stealth        | |  4.8
Conjurations   | |  0.7

Action                   |  1- 3 |  4- 6 || total
-------------------------+-------+-------++-------
Melee: Dagger            |    86 |    27 ||   113
Throw: Stone             |    10 |       ||    10
 Cast: Ensorcelled Hiber |     6 |       ||     6
 Stab: Sleeping          |     9 |       ||     9
Armor: Robe              |    12 |     1 ||    13
Dodge: Dodged            |    72 |    22 ||    94

Table legend: (Time is in decaauts)
 A = Elapsed time spent in this place.
 B = Non-inter-level travel time spent in this place.
 C = Inter-level travel time spent in this place.
 D = Time resting spent in this place.
 E = Time spent auto-exploring this place.
 F = Levels seen in this place.
 G = Mean time per level.
                   A        B        C        D        E       F      G
               +--------+--------+--------+--------+--------+-----+--------+
         Total |    953 |    937 |     16 |     11 |    599 |   2 |  476.5 |
       Dungeon |    953 |    937 |     16 |     11 |    599 |   2 |  476.5 |
               +--------+--------+--------+--------+--------+-----+--------+

Top non-repeatable levels by time:
     D:1: 755 daAuts
     D:2: 198 daAuts
